Map: Lost and Found LE

Players

DisK - Winner!

  • Race: Protoss Protoss
  • Spawn Location: 1:00

Mackintac

  • Race: Zerg Zerg
  • Spawn Location: 7:00

Event: WCS Montreal 2018

VOD

Have the link to the VOD?

Description

Time

  • Played on: Sept. 7, 2018, 2:55 p.m.
  • Length: 20:51

All games in this series

Show
View Real Time Build Order
Export as new Build Order

DisK Protoss - Winner!

Build Orders: 1 Gate Expand, Oracle Opening, Phoenix Opening, Archon Immortal, Carriers, Mass Phoenix 

Get SALT Encoding   

  12  0:00  Probe  
  13  0:12  Probe  
  14  0:19  Pylon  
  14  0:24  Probe  
  15  0:33  Probe  
  15  0:41  Probe  
  16  0:44  Gateway  
  16  0:47  Assimilator  
  17  0:51  Probe  
  18  1:05  Pylon  
  18  1:10  Probe  
  19  1:20  Probe  
  20  1:28  Nexus  
  20  1:39  Cybernetics Core  
  20  1:44  Probe  
  21  1:48  Assimilator  
  21  1:56  Probe  
  21  1:59  Pylon  
  22  2:08  Adept, Probe  
  23  2:20  Stargate  
  25  2:27  Warp Gate  
  25  2:29  Probe  
  26  2:39  Adept, Probe  
  26  2:41  Probe  
  29  2:47  Probe  
  30  2:53  Probe  
  30  2:57  Probe  
  31  3:03  Oracle  
  35  3:05  Probe  
  35  3:06  Pylon  
  35  3:09  Probe  
  37  3:17  Probe  
  37  3:21  Probe  
  37  3:22  Gateway  
  39  3:30  Shield Battery  
  39  3:34  Probe  
  40  3:44  Probe  
  40  3:46  Probe  
  40  3:47  Assimilator x2  
  40  3:49  Phoenix  
  40  3:52  Stargate  
  40  3:53  Probe  
  42  3:58  Probe  
  42  4:01  Probe  
  45  4:10  Probe  
  45  4:11  Probe  
  45  4:15  Phoenix  
  49  4:22  Probe  
  49  4:23  Probe  
  51  4:31  Pylon  
  51  4:34  Probe  
  51  4:35  Probe  
  53  4:43  Pylon  
  53  4:46  Probe  
  53  4:49  Phoenix x2  
  58  4:54  Adept x2  
  62  5:01  Probe x2  
  62  5:05  Nexus  
  64  5:13  Probe x2  
  65  5:19  Phoenix x2  
  69  5:29  Pylon  
  69  5:30  Robotics Facility  
  69  5:31  Pylon  
  69  5:33  Pylon  
  69  5:37  Shield Battery  
  69  5:41  Probe  
  70  5:47  Probe  
  71  5:50  Adept x2  
  71  5:53  Probe  
  71  5:56  Phoenix, Robotics Facility  
  78  5:59  Phoenix  
  80  6:17  Stalker x2  
  84  6:20  Gateway  
  84  6:22  Probe x2, Phoenix, Gateway  
  84  6:23  Phoenix  
  86  6:27  Observer  
  90  6:33  Probe x2  
  90  6:35  Probe  
  94  6:41  Probe  
  94  6:44  Immortal  
  99  6:53  Probe x3  
  98  6:54  Immortal  
  98  6:57  Assimilator  
  98  6:58  Assimilator  
  98  7:00  Sentry x2  
  102  7:05  Probe x3  
  109  7:10  Pylon  
  109  7:11  Pylon  
  109  7:18  Pylon  
  109  7:22  Twilight Council  
  109  7:27  Forge  
  109  7:28  Probe x2  
  111  7:31  Immortal  
  111  7:36  Immortal, Gateway  
  111  7:37  Gateway  
  111  7:42  Charge  
  115  7:50  Probe x2  
  120  7:51  Probe, Protoss Ground Weapons Level 1  
  120  7:54  Pylon  
  120  8:03  Templar Archives  
  120  8:08  Gateway x2  
  120  8:13  Sentry  
  120  8:14  Sentry  
  124  8:28  Probe x2  
  126  8:39  Psionic Storm  
  126  8:40  High Templar x3  
  128  8:41  High Templar  
  128  8:42  Zealot x2  
  128  8:44  Nexus  
  134  8:49  Pylon  
  134  8:51  Assimilator  
  134  8:52  Warp Prism  
  134  8:55  Assimilator, Photon Cannon  
  134  8:57  Pylon, Photon Cannon  
  134  8:58  Shield Battery  
  134  9:02  Immortal  
  140  9:12  Pylon  
  140  9:24  Protoss Ground Weapons Level 2  
  140  9:27  High Templar x2  
  140  9:28  High Templar x2  
  140  9:29  Zealot x4  
  156  9:33  Archon  
  156  9:34  Archon  
  156  9:35  Gateway  
  156  9:36  Gateway  
  156  9:50  Photon Cannon x2  
  156  9:52  Photon Cannon  
  156  9:53  Shield Battery  
  156  9:55  Shield Battery  
  156  9:58  High Templar x2  
  156  9:59  Zealot x2  
  164  10:03  Archon  
  164  10:12  Zealot x4  
  172  10:30  Immortal  
  172  10:34  Observer  
  175  10:42  Fleet Beacon  
  175  10:47  Zealot x3  
  175  10:49  Zealot  
  177  10:51  Nexus  
  177  10:53  Pylon x2  
  176  10:57  Assimilator, Zealot  
  176  11:01  Assimilator  
  168  11:08  Protoss Air Weapons Level 1  
  168  11:09  High Templar x4  
  170  11:19  Carrier x2  
  170  11:30  Graviton Catapult  
  182  11:36  Blink  
  182  11:44  Protoss Ground Weapons Level 3  
  182  11:46  Pylon  
  182  11:48  Dark Shrine  
  182  11:51  Robotics Bay  
  182  12:00  Photon Cannon  
  182  12:03  Photon Cannon  
  182  12:19  Mothership  
  190  12:33  Stargate  
  190  12:43  Gravitic Boosters  
  190  12:44  Zealot x3  
  190  12:45  Zealot x2  
  190  12:46  Protoss Air Weapons Level 2  
  198  13:03  Shadow Stride  
  196  13:09  Carrier  
  196  13:11  Zealot x2  
  200  13:23  Carrier  
  200  13:26  Photon Cannon  
  190  13:28  Photon Cannon  
  190  13:31  Photon Cannon  
  190  13:32  Photon Cannon  
  196  13:34  Photon Cannon  
  196  13:36  Carrier  
  196  13:37  Shield Battery  
  196  13:39  Shield Battery  
  200  13:41  Shield Battery  
  194  13:54  Cybernetics Core  
  194  13:56  Pylon  
  190  14:08  High Templar x2  
  190  14:09  High Templar x2  
  196  14:10  High Templar x2  
  196  14:12  Archon x2  
  196  14:14  Protoss Shields Level 1, Archon  
  190  14:36  Tempest  
  178  14:40  Tempest  
  178  14:44  Gravitic Drive  
  172  14:52  Protoss Air Armor Level 1  
  184  14:55  Dark Templar x2  
  184  14:57  Zealot x5  
  184  14:58  Zealot  
  186  15:41  Extended Thermal Lance  
  186  15:42  Nexus  
  186  15:45  Assimilator, Tempest x3  
  186  15:48  Assimilator  
  170  15:51  Pylon  
  170  15:54  Pylon  
  174  15:59  Protoss Shields Level 2  
  174  16:01  High Templar x3  
  174  16:02  High Templar x2  
  174  16:03  Dark Templar  
  174  16:04  Dark Templar x4  
  190  16:09  Protoss Air Weapons Level 3  
  194  16:22  Oracle  
  197  16:51  Anion Pulse-Crystals  
  191  17:02  Void Ray x2  
  195  17:34  Photon Cannon  
  195  17:36  Shield Battery, Photon Cannon  
  195  17:37  Photon Cannon  
  195  17:38  Mothership  
  195  17:39  Photon Cannon  
  195  17:40  Shield Battery, Photon Cannon  
  195  17:43  Photon Cannon  
  197  18:05  Void Ray x3  
  183  18:33  High Templar x5  
  192  18:34  Zealot x4  
  192  18:37  Carrier  
  174  19:11  High Templar x4  
  174  19:12  High Templar x2, Zealot x4  
  174  19:15  Archon x2  
  174  19:16  Archon  
  184  19:20  Void Ray x2  
  186  19:33  Observer  
  186  19:34  Zealot x3  
  186  19:35  Zealot  
  186  19:38  Zealot x2  
  186  20:21  Archon  
  170  20:33  Zealot x4  
  170  20:34  Zealot x5  
Show
View Real Time Build Order
Export as new Build Order

Mackintac Zerg 

Build Orders: Hatch First, Lurkers 

Get SALT Encoding   

  12  0:00  Drone  
  13  0:12  Overlord  
  13  0:16  Drone  
  14  0:30  Drone  
  14  0:31  Drone  
  16  0:47  Hatchery  
  15  0:51  Drone  
  15  0:54  Drone  
  17  0:57  Drone  
  18  1:11  Drone  
  18  1:17  Spawning Pool  
  18  1:20  Drone  
  18  1:25  Extractor  
  18  1:29  Drone  
  19  1:40  Drone  
  20  1:50  Drone  
  21  1:57  Hatchery  
  21  1:59  Drone  
  21  2:02  Drone  
  22  2:10  Zergling x2  
  22  2:13  Drone  
  24  2:16  Queen  
  26  2:27  Drone  
  26  2:29  Overlord  
  27  2:30  Metabolic Boost  
  27  2:36  Drone  
  28  2:47  Queen  
  28  2:49  Drone x3  
  33  2:56  Drone  
  35  2:58  Zergling x2  
  35  3:03  Zergling x2  
  36  3:06  Lair  
  36  3:10  Queen  
  38  3:14  Drone x2  
  38  3:18  Drone x2  
  42  3:26  Spore Crawler  
  40  3:37  Drone x2  
  41  3:43  Drone x2  
  41  3:44  Spore Crawler  
  41  3:46  Drone, Roach Warren  
  41  3:48  Spore Crawler  
  40  3:49  Drone  
  40  3:50  Drone  
  40  3:54  Overlord  
  42  4:02  Evolution Chamber  
  41  4:03  Drone  
  42  4:12  Overlord  
  42  4:14  Drone x5  
  42  4:15  Drone  
  48  4:28  Zerg Missile Weapons Level 1  
  48  4:31  Glial Reconstitution  
  48  4:32  Extractor x2  
  48  4:33  Drone x3  
  48  4:34  Drone x2  
  48  4:38  Drone x3  
  54  4:48  Overlord  
  54  4:50  Roach x2  
  58  4:55  Extractor  
  57  5:03  Spore Crawler  
  57  5:05  Spore Crawler  
  53  5:09  Queen x2  
  53  5:10  Drone x3  
  59  5:17  Overlord, Spore Crawler  
  58  5:32  Overlord x2  
  58  5:35  Queen  
  58  5:37  Drone x5  
  58  5:38  Drone  
  58  5:42  Overlord  
  64  5:53  Drone  
  64  5:54  Drone x3  
  68  5:57  Extractor  
  68  5:58  Drone x4  
  68  5:59  Queen  
  68  6:01  Queen  
  75  6:09  Drone x3  
  76  6:12  Extractor  
  73  6:21  Hydralisk Den, Drone x2  
  73  6:23  Hatchery  
  71  6:26  Drone x2  
  71  6:27  Drone x2  
  71  6:28  Drone x3  
  78  6:35  Spore Crawler  
  78  6:36  Spore Crawler  
  76  6:40  Zerg Ground Armor Level 1  
  76  6:44  Evolution Chamber  
  72  6:56  Drone x4  
  72  6:57  Drone x2  
  72  6:59  Queen  
  80  7:02  Muscular Augments  
  80  7:11  Zerg Missile Weapons Level 2  
  80  7:15  Overlord x3  
  78  7:33  Drone x3  
  78  7:35  Hydralisk x2  
  78  7:36  Hydralisk x6, Roach x2  
  105  7:37  Roach x2  
  105  7:41  Overseer  
  105  7:43  Overseer  
  105  7:44  Pneumatized Carapace  
  105  7:53  Queen  
  107  8:07  Drone x5  
  107  8:09  Overlord x3  
  112  8:13  Spire  
  112  8:17  Lurker Den  
  112  8:19  Overlord  
  110  8:23  Spore Crawler  
  110  8:26  Overlord x3  
  109  8:27  Spore Crawler  
  106  8:42  Hydralisk  
  106  8:43  Hydralisk x7, Roach x3  
  106  8:44  Roach x4  
  136  8:50  Drone x3  
  136  8:51  Drone x2  
  136  8:54  Extractor x2  
  139  8:57  Overlord  
  139  9:01  Drone x3  
  139  9:02  Drone x3  
  145  9:03  Drone x3  
  145  9:08  Overlord  
  148  9:10  Overseer  
  148  9:19  Infestation Pit  
  147  9:25  Hatchery  
  147  9:29  Ravager x4  
  150  9:49  Zerg Ground Armor Level 2  
  150  9:50  Overlord  
  150  9:51  Overlord  
  150  9:57  Hydralisk x7  
  150  9:59  Lurker x4  
  168  10:01  Overlord  
  168  10:05  Hive  
  168  10:15  Lurker x3  
  168  10:16  Lurker x2  
  169  11:01  Drone x3  
  164  11:18  Greater Spire  
  164  11:20  Spine Crawler  
  164  11:22  Overlord x3  
  164  11:24  Queen  
  165  11:37  Zerg Missile Weapons Level 3  
  165  11:38  Corruptor  
  165  11:39  Corruptor x12  
  191  11:46  Hatchery  
  190  11:54  Hatchery  
  189  12:06  Overlord  
  189  12:38  Zerg Flyer Weapons Level 1  
  185  12:55  Extractor  
  185  12:56  Extractor  
  183  13:04  Overseer x2  
  183  13:05  Brood Lord x3  
  181  13:06  Brood Lord x6  
  181  13:07  Corruptor x2  
  199  13:34  Zerg Ground Armor Level 3, Overlord  
  199  13:46  Spine Crawler  
  199  13:47  Spine Crawler x2  
  196  13:48  Spine Crawler  
  193  14:06  Corruptor x2  
  193  14:08  Brood Lord, Viper  
  198  14:11  Spine Crawler  
  198  14:13  Drone x3  
  198  14:14  Spine Crawler  
  198  14:22  Zerg Melee Weapons Level 1  
  196  14:28  Spine Crawler x2  
  145  14:39  Corruptor x12  
  167  14:48  Corruptor x3  
  167  14:51  Zerg Flyer Armor Level 1  
  167  14:52  Viper  
  176  14:53  Spire  
  175  15:13  Queen  
  175  15:20  Overlord x4  
  175  15:22  Corruptor x5  
  175  15:24  Brood Lord x3  
  190  15:29  Spore Crawler  
  190  15:31  Overseer  
  190  15:33  Drone x2  
  188  15:49  Corruptor  
  168  15:50  Corruptor x4  
  178  16:08  Hatchery  
  177  16:18  Queen  
  177  16:19  Queen  
  177  16:21  Zerg Flyer Weapons Level 2  
  177  16:22  Queen  
  183  16:39  Hatchery  
  170  16:41  Hydralisk x3, Roach x5  
  170  16:42  Roach x3  
  170  16:44  Overseer  
  183  16:56  Hatchery  
  183  16:57  Brood Lord x3  
  184  17:09  Viper  
  184  17:13  Drone x3  
  190  17:16  Drone x6  
  190  17:17  Drone x3  
  184  18:26  Corruptor x15  
  180  18:41  Corruptor x5  
  160  18:49  Corruptor x2  
  123  19:42  Hatchery  
  123  19:43  Extractor  
  121  19:59  Corruptor x3  
Tags
 
Add a new tag
Caveats
  • Supply blocks, unpowered buildings, or Contaminate may cause inaccurate times.
  • Supply counts are checked every 10 seconds.